 Dungeon Sprint DCSS version 0.30-a0-34-gbe8da3892a (webtiles) character file.

Game seed: 5936116192628056935

3532 mhtbhm the Earth Mage (level 10, -13/53 HPs)
             Began as a Gargoyle Earth Elementalist on Aug 28, 2022.
             Was a High Priest of Vehumet.
             Mangled by a soul eater (14 damage)
             ... summoned by Frances
             ... in the Dungeon (Sprint III: "The Ten Rune Challenge").
             The game lasted 00:07:29 (1816 turns).

mhtbhm the Earth Mage (Gargoyle Earth Elementalist) Turns: 1816, Time: 00:07:30

Health: -13/53     AC:  9    Str: 12      XL:     10   Next: 8%
Magic:  0/28       EV: 13    Int: 16 (20) God:    Vehumet [*****.]
Gold:   34         SH:  0    Dex: 10      Spells: 25/37 levels left

rFire   . . .      SeeInvis .    d - +2 dagger (elec)
rCold   . . .      Faith    .    (no shield)
rNeg    + . .      Spirit   .    a - +0 robe
rPois   ∞          Reflect  .    (no helmet)
rElec   +          Harm     .    (no cloak)
rCorr   .          Rampage  .    (no gloves)
Will    .....      NoTele   +    (no boots)
Stlth   +++.......               (no amulet)
HPRegen 0.17/turn                (no ring)
MPRegen 0.21/turn                (no ring)

@: wereblooded
A: sickness immunity, AC +7, negative energy resistance 1, electricity
resistance, torment resistance 1, petrification resistance
a: Renounce Religion


You were in the Dungeon.
You worshipped Vehumet.
Vehumet was extremely pleased with you.
You visited 1 branch You collected 34 gold pieces.

Inventory:

Hand Weapons
 d - a +2 dagger of electrocution (weapon)
Missiles
 h - 4 poisoned darts (quivered)
Armour
 a - a +0 robe (worn)
Wands
 n - a wand of mindburst (13)
Scrolls
 i - a scroll of poison
 l - 3 scrolls of torment
Potions
 b - 2 potions of magic
 c - a potion of curing
 f - 2 potions of berserk rage
 k - 2 potions of flight
 m - 5 potions of mutation
Miscellaneous
 o - a piece from Xom's chessboard (15/15)


   Skills:
 + Level 2.2 Fighting
 + Level 0.9 Throwing
 + Level 4.7 Dodging
 + Level 4.7 Stealth
 + Level 14.3 Spellcasting
 + Level 4.4 Conjurations
 + Level 2.6 Transmutations
 + Level 17.3 Earth Magic


You had 25 spell levels left.
You knew the following spells:

 Your Spells              Type           Power      Damage    Failure   Level
a - Sandblast             Erth           100%       2d20      0%          1
b - Passwall              Tmut/Erth      35%        N/A       1%          2
c - Stone Arrow           Conj/Erth      92%        3d12      1%          3
d - Wereblood             Tmut           19%        N/A       3%          2
e - Petrify               Tmut/Erth      43%        N/A       1%          4

Your spell library contained the following spells:

 Spells                   Type           Power      Damage    Failure   Level
 Ignite Poison            Fire/Tmut/Pois 14%        N/A       3%          3
 Beastly Appendage        Tmut           38%        N/A       1%          1
 Spider Form              Tmut/Pois      15%        N/A       11%         3


Dungeon Overview and Level Annotations

Branches:
Dungeon (1/1)

Altars:
Cheibriados
Dithmenos
Elyvilon
Fedhas
Gozag
Hepliaklqana
Kikubaaqudgha
Makhleb
Nemelex Xobeh
Okawaru
Qazlal
Ru
Sif Muna
Trog
Uskayaw
Vehumet
Wu Jian
Xom
Yredelemnul
Zin
The Shining One
Jiyva
Lugonu

Annotations:
D Donald, Frances


Innate Abilities, Weirdness & Mutations

You are immune to sickness and miasma.
Your stone body is resilient. (AC +7)
You are immune to poison.
You resist negative energy. (rN+)
You are resistant to electric shocks. (rElec)
You are resistant to unholy torment.
You are immune to petrification.


Message History

Aiming: Stone Arrow (safe; 1% risk of failure)
Press: ? - help, Shift-Dir - straight line, f/p - Donald
Aim: Donald, wielding a +2 war axe of holy wrath, wearing a +0 scale mail and wearing a +2 kite shield of reflection (lightly wounded, petrified, reflecting blocked projectiles, 100% to hit)
The stone arrow hits Donald!
Donald is moderately wounded.
Unknown command.
Casting: Stone Arrow (safe; 1% risk of failure)
Confirm with . or Enter, or press ? or * to list all spells.
Okay, then.
Casting: Stone Arrow (safe; 1% risk of failure)
Confirm with . or Enter, or press ? or * to list all spells.
Aiming: Stone Arrow (safe; 1% risk of failure)
Press: ? - help, Shift-Dir - straight line, f - Frances, p - Donald
Aim: Frances, wielding a +1 war axe of holy wrath and quivering curare-tipped darts (fast, 76% to hit)
The stone arrow hits Frances!!
Frances is lightly wounded.
The soul eater closely misses you.
Unknown command.
Unknown command.
Casting: Stone Arrow (safe; 1% risk of failure)
Confirm with . or Enter, or press ? or * to list all spells.
Okay, then.
Casting: Stone Arrow (safe; 1% risk of failure)
Confirm with . or Enter, or press ? or * to list all spells.
Your blood is freshly infused with primal strength!
Frances hits you with a +1 war axe of holy wrath!!
The soul eater hits you!
* * * LOW HITPOINT WARNING * * *
Casting: Wereblood (safe; 2% risk of failure)
Confirm with . or Enter, or press ? or * to list all spells.
Aiming: Stone Arrow (safe; 1% risk of failure)
Press: ? - help, Shift-Dir - straight line, f/p - Frances
Aim: Frances, wielding a +1 war axe of holy wrath and quivering curare-tipped darts (lightly wounded, fast, 76% to hit)
The stone arrow hits Frances!
Frances is moderately wounded.
Frances barely misses you. The neqoxec gestures at you.
You feel dopey. Something feeds on your intellect! The soul eater hits you!
You die...

# # #
#+#####################
#....#)#.#.....#...^^.+
##.#..#.##.###.#.^..^^#
'##.#.#.##.#.)##....^.#
#.).#..#..##..'......^#
▓▓▓▓▓▓▓▓▓▓▓▓▓▓#@@.....#
........~~~...#.33.^..#
≈≈≈≈≈≈≈≈≈≈♣♣P.'3@...^.#
♣♣♣♣♣♣♣♣♣♣♣♣PP#....^..#
♣♣♣##'###### ... #...#
#...# #####


You could see Frances (fast), Donald (petrified, reflecting), a soul eater
(summoned), a sun demon (summoned) and a neqoxec (summoned).

Vanquished Creatures
  Erolcha (D)
  A deep elf pyromancer (D)
  3 wandering mushrooms (D)
  A shadow (D)
  2 redbacks (D)
  A spatial vortex (D)
  5 two-headed ogres (D)
  A water elemental (D)
  A necrophage (D)
  A jelly (D)
  Jessica (D)
  A wizard (D)
  A necromancer (D)
  3 humans (D)
  A kobold demonologist (D)
  A phantom (D)
  2 endoplasms (D)
  A rat (D)
28 creatures vanquished.

Notes
Turn   | Place    | Note
-------+----------+-------------------------------------------
     0 | D        | mhtbhm the Gargoyle Earth Elementalist began the quest for
                  | the Orb.
     0 | D        | Reached XP level 1. HP: 10/10 MP: 3/3
     5 | D        | Reached skill level 4 in Earth Magic
   296 | D        | Noticed Jessica
   299 | D        | Killed Jessica
   300 | D        | Reached skill level 6 in Earth Magic
   300 | D        | Reached XP level 2. HP: 15/15 MP: 0/6
   300 | D        | Reached XP level 3. HP: 19/19 MP: 0/7
   380 | D        | Learned a level 2 spell: Passwall
   384 | D        | Learned a level 3 spell: Stone Arrow
   395 | D        | Reached skill level 7 in Earth Magic
   502 | D        | Noticed a water elemental
   521 | D        | Killed a water elemental
   522 | D        | Reached skill level 5 in Spellcasting
   522 | D        | Reached skill level 1 in Transmutations
   522 | D        | Reached skill level 8 in Earth Magic
   522 | D        | Reached XP level 4. HP: 5/24 MP: 3/11
   777 | D        | Found a radiant altar of Vehumet.
   777 | D        | Found a shimmering blue altar of Sif Muna.
   777 | D        | Found an ancient bone altar of Kikubaaqudgha.
   777 | D        | Noticed a wizard
   781 | D        | Killed a wizard
   782 | D        | Reached skill level 9 in Earth Magic
   782 | D        | Reached XP level 5. HP: 28/28 MP: 5/13
   869 | D        | Became a worshipper of Vehumet
   873 | D        | Learned a level 2 spell: Wereblood
   887 | D        | Learned a level 4 spell: Petrify
   892 | D        | Found a basalt altar of Yredelemnul.
   892 | D        | Found a shadowy altar of Dithmenos.
   892 | D        | Found a sacrificial altar of Ru.
   898 | D        | Reached skill level 10 in Earth Magic
   898 | D        | Reached XP level 6. HP: 29/33 MP: 8/16
   902 | D        | Found a glowing silver altar of Zin.
   902 | D        | Found a glowing golden altar of the Shining One.
   902 | D        | Found a white marble altar of Elyvilon.
   902 | D        | Noticed a deep elf pyromancer
   905 | D        | Killed a deep elf pyromancer
   905 | D        | Reached * piety under Vehumet
   905 | D        | Offered knowledge of Foxfire by Vehumet.
   906 | D        | Reached skill level 1 in Fighting
   906 | D        | Reached skill level 1 in Conjurations
   906 | D        | Reached skill level 12 in Earth Magic
   906 | D        | Reached XP level 7. HP: 32/38 MP: 11/20
   906 | D        | Found a hide-covered altar of Uskayaw.
   906 | D        | Found an iron altar of Okawaru.
   906 | D        | Found a bloodstained altar of Trog.
   906 | D        | Found an ornate altar of the Wu Jian Council.
   906 | D        | Noticed a human
   906 | D        | Noticed a human
   909 | D        | Killed a human
   910 | D        | Reached skill level 10 in Spellcasting
   910 | D        | Reached skill level 13 in Earth Magic
   911 | D        | Killed a human
   912 | D        | Reached XP level 8. HP: 41/43 MP: 3/22
  1040 | D        | Noticed a shadow
  1042 | D        | Killed a shadow
  1042 | D        | Reached ** piety under Vehumet
  1042 | D        | Offered knowledge of Freeze by Vehumet.
  1043 | D        | Reached skill level 14 in Earth Magic
  1073 | D        | Found a blossoming altar of Fedhas.
  1073 | D        | Found a stormy altar of Qazlal.
  1073 | D        | Found a snail-covered altar of Cheibriados.
  1073 | D        | Found a burning altar of Makhleb.
  1073 | D        | Found a shimmering altar of Xom.
  1074 | D        | Found a hazy altar of Hepliaklqana.
  1074 | D        | Found an opulent altar of Gozag.
  1074 | D        | Found a sparkling altar of Nemelex Xobeh.
  1074 | D        | Found a corrupted altar of Lugonu.
  1074 | D        | Found a viscous altar of Jiyva.
  1201 | D        | Reached *** piety under Vehumet
  1227 | D        | Noticed a two-headed ogre
  1238 | D        | Killed a two-headed ogre
  1238 | D        | Offered knowledge of Dazzling Flash by Vehumet.
  1239 | D        | Reached skill level 15 in Earth Magic
  1239 | D        | Reached XP level 9. HP: 45/48 MP: 11/25
  1314 | D        | Noticed a two-headed ogre
  1314 | D        | Noticed Erolcha
  1319 | D        | Killed Erolcha
  1320 | D        | Reached skill level 16 in Earth Magic
  1323 | D        | Killed a two-headed ogre
  1323 | D        | Reached **** piety under Vehumet
  1566 | D        | Offered knowledge of Ignite Poison by Vehumet.
  1654 | D        | Noticed a wandering mushroom
  1658 | D        | Noticed a wandering mushroom
  1662 | D        | Killed a wandering mushroom
  1663 | D        | Reached skill level 17 in Earth Magic
  1663 | D        | Noticed a wandering mushroom
  1668 | D        | Killed a wandering mushroom
  1668 | D        | Reached ***** piety under Vehumet
  1669 | D        | Reached XP level 10. HP: 53/53 MP: 26/28
  1804 | D        | Noticed Donald
  1804 | D        | Noticed Frances
  1809 | D        | Noticed a sun demon
  1809 | D        | Noticed a soul eater
  1815 | D        | HP: 1/53 [soul eater[Frances] (15)]
  1816 | D        | Mangled by a soul eater

Illustrated notes

Levels and vault maps discovered:
D:        dungeon_sprint_mu [sprint_mu_entry_forest, sprint_mu_temple_rooms,
          sprint_mu_d1_spiders, sprint_mu_d2_genie, sprint_mu_d3_branching,
          sprint_mu_orc_legion, sprint_mu_elf_gauntlet, sprint_mu_hive_nellie,
          sprint_mu_lair_fedhas, sprint_mu_vaults_butterflies,
          sprint_mu_slime_circle, sprint_mu_shoals_archi,
          sprint_mu_snake_twists, sprint_mu_blade_basic,
          sprint_mu_crypt_chambers, sprint_mu_tomb_spiral,
          sprint_mu_vestibule_basic, sprint_mu_gehenna_hellfire,
          sprint_mu_dis_giant, sprint_mu_tartarus_statrot,
          sprint_mu_cocytus_islands, sprint_mu_zot1]

Skill      XL: |  1  2  3  4  5  6  7  8  9 |
---------------+----------------------------+-----
Earth Magic    | 6 8 9 10 12 13 15 17 | 17.3
Dodging        | 2 3 4 |  4.7
Spellcasting   | 3 5 7 9 10 12 14 | 14.3
Transmutations | 1 2 |  2.6
Stealth        | 3 4 |  4.7
Fighting       | 1 2 |  2.2
Conjurations   | 1 2 4 |  4.4
Throwing       | |  0.9

Action                   |  1- 3 |  4- 6 |  7- 9 | 10-12 || total
-------------------------+-------+-------+-------+-------++-------
Throw: Dart              |     1 |       |       |       ||     1
 Cast: Sandblast         |    18 |    13 |    31 |     4 ||    66
       Stone Arrow       |     3 |     1 |    14 |     5 ||    23
       Wereblood         |       |     1 |     2 |     2 ||     5
       Petrify           |       |       |       |     3 ||     3
  Use: Potion            |     2 |       |     2 |       ||     4
       Scroll            |     1 |       |       |     3 ||     4
Armor: Robe              |       |     3 |     1 |       ||     4
Dodge: Dodged            |     8 |     5 |    14 |     4 ||    31

Table legend: (Time is in decaauts)
 A = Elapsed time spent in this place.
 B = Non-inter-level travel time spent in this place.
 C = Inter-level travel time spent in this place.
 D = Time resting spent in this place.
 E = Time spent auto-exploring this place.
 F = Levels seen in this place.
 G = Mean time per level.
                   A        B        C        D        E       F      G
               +--------+--------+--------+--------+--------+-----+--------+
         Total |   1835 |   1835 |      0 |   1327 |      1 |   1 | 1835.0 |
       Dungeon |   1835 |   1835 |      0 |   1327 |      1 |   1 | 1835.0 |
               +--------+--------+--------+--------+--------+-----+--------+

Top non-repeatable levels by time:
       D: 1835 daAuts
